 Dungeon Crawl Stone Soup version 0.29-a0-872-g797fff5ad1 (webtiles) character file.

Game seed: 16224934969540666379

515 mcwallace the Chiller (level 7, -7/40 HPs)
             Began as a Deep Elf Ice Elementalist on July 19, 2022.
             Was an Initiate of Vehumet.
             Mangled by Edmund
             ... wielding a +1 dire flail of venom
              (21 damage)
             ... on level 4 of the Dungeon.
             The game lasted 00:19:11 (4996 turns).

mcwallace the Chiller (Deep Elf Ice Elementalist)   Turns: 4996, Time: 00:19:11

Health: -7/40      AC:  3    Str:  5    XL:     7   Next: 0%
Magic:  0/16       EV: 14    Int: 22    God:    Vehumet [......]
Gold:   315        SH:  0    Dex: 15    Spells: 7/16 levels left

rFire   . . .      SeeInvis .   K - +3 whip {mace}
rCold   . . .      Faith    .   (no shield)
rNeg    . . .      Spirit   +   a - +0 robe
rPois   .          Reflect  .   L - +0 helmet
rElec   .          Harm     .   (no cloak)
rCorr   .          Rampage  .   (no gloves)
Will    .....                   (no boots)
Stlth   ++........              r - amulet of guardian spirit
HPRegen 0.13/turn               (no ring)
MPRegen 0.15/turn               (no ring)

@: lethally poisoned (-7 -> -20), freezing walls
A: no striking features
a: Renounce Religion


You were on level 4 of the Dungeon.
You worshipped Vehumet.
Vehumet was noncommittal.
You visited 1 branch of the dungeon, and saw 4 of its levels.

You collected 343 gold pieces.
You spent 28 gold pieces at shops.


   Skills:
 + Level 2.3 Fighting
 + Level 3.0 Ranged Weapons
 + Level 4.6 Dodging
 - Level 2.4 Stealth
 + Level 5.2 Spellcasting
 + Level 5.8 Ice Magic
 - Level 1.2 Air Magic


You had 7 spell levels left.
You knew the following spells:

 Your Spells              Type           Power      Damage    Failure   Level
a - Freeze                Ice            100%       1d11      1%          1
b - Frozen Ramparts       Ice            62%        1d8       2%          3
c - Ozocubu's Armour      Ice            31%        N/A       2%          3
d - Scorch                Fire           10%        2d5       16%         2

Your spell library contained the following spells:

 Spells                   Type           Power      Damage    Failure   Level
 Hailstorm                Conj/Ice       18%        3d6       30%         4
 Flame Wave               Conj/Fire      5%         2d5       69%         4
 Passage of Golubria      Tloc           5%         N/A       69%         4
 Silence                  Hex/Air        4%         N/A       91%         5
 Summon Cactus Giant      Summ           2%         N/A       100%        6
 Lehudib's Crystal Spear  Conj/Erth      2%         10d2      100%        8

Inventory:

Hand Weapons
 c - a +0 dagger {short}
   (You found it on level 1 of the Dungeon)
 g - a +0 short sword {short}
   (You found it on level 1 of the Dungeon)
 w - a +0 spear {polearm}
   (You found it on level 3 of the Dungeon)
 H - a +0 trident {polearm}
   (You took it off an orc on level 3 of the Dungeon)
 K - a +3 whip (weapon) {mace}
   (You took it off a gnoll on level 4 of the Dungeon)
Missiles
 d - 33 stones {throwing}
 i - 10 javelins {throwing}
 N - 2 datura-tipped darts (quivered) {throwing}
Armour
 a - a +0 robe (worn)
 e - a +0 leather armour
   (You found it on level 1 of the Dungeon)
 h - a +0 ring mail
   (You found it on level 2 of the Dungeon)
 k - a +0 leather armour
   (You found it on level 1 of the Dungeon)
 l - a +0 helmet
   (You found it on level 1 of the Dungeon)
 n - a +0 robe
   (You found it on level 1 of the Dungeon)
 o - a +0 ring mail
   (You found it on level 1 of the Dungeon)
 q - a +0 robe
   (You found it on level 2 of the Dungeon)
 y - a +0 scale mail
   (You found it on level 3 of the Dungeon)
 E - a +1 chain mail of cold resistance
   (You found it on level 3 of the Dungeon)
 F - a +0 robe
   (You took it off an orc wizard on level 3 of the Dungeon)
 G - a +0 leather armour
   (You took it off an orc on level 3 of the Dungeon)
 L - a +0 helmet (worn)
   (You found it on level 4 of the Dungeon)
 Q - a +0 ring mail
   (You found it on level 4 of the Dungeon)
 R - a +0 leather armour
   (You took it off an orc on level 4 of the Dungeon)
 S - a +0 robe
   (You took it off an orc wizard on level 4 of the Dungeon)
Magical Staves
 v - a staff of fire {!astaff}
   (You found it on level 3 of the Dungeon)
 C - a staff of air {!astaff}
   (You found it on level 3 of the Dungeon)
Jewellery
 r - an amulet of guardian spirit (around neck)
   (You found it on level 2 of the Dungeon)
 B - an amulet of magic regeneration {@e2}
   (You found it on level 3 of the Dungeon)
Wands
 p - a wand of charming (5)
   (You found it on level 2 of the Dungeon)
 I - a wand of flame (25)
   (You took it off a kobold on level 4 of the Dungeon)
Scrolls
 f - a scroll of enchant armour
 s - 2 scrolls of magic mapping {!r}
 t - a scroll of silence {!r}
 x - a scroll of vulnerability {unknown}
 z - a scroll of enchant weapon {unknown}
 A - a scroll of teleportation {unknown}
 D - a scroll of fear {unknown}
 P - a scroll of immolation {unknown}
Potions
 b - a potion of magic
 m - a potion of cancellation
 u - 2 potions of flight {unknown}
 J - a potion of attraction {unknown}
 M - a potion of heal wounds {unknown}
 O - a potion of lignification {unknown}

Dungeon Overview and Level Annotations

Branches:
Dungeon (4/15) Zot: 18974
 Temple: D:4-7

Altars:
Gozag
Nemelex Xobeh
Ru
Sif Muna
Uskayaw
Vehumet

Shops:
D:1 (:*=*

Annotations:
D:3 3 runed translucent doors, logorrheac's ghost, amateur GnWn
D:4 Edmund

...........##..######....#
#._.#......#..8#..≈)#....#
............._.'..≈>#....#
..#........#..8#..≈.#@...#
..........###..######....#
...###....###### ####....#
.### #.....#.#.# #.......#
...# ##......#'###'#.....#
##.####......#..@@.##.####
##...........#.≈≈≈.##.#
##...........#.....##)#
##......>....'.._..+.)#
##...........#.....#..#
#...........#.≈≈≈.#.)#
#.....^..####.....#)######
##........#
#'###+#......##
..........#
#.............##


You could see the neutral Edmund (fast, strong, insane, combustible).


Message History

An orc is nearby!
An orc comes into view. It is wielding a +0 club.
The orc shouts!
A quokka comes into view.
You barely miss the orc. The orc closely misses you.
The orc shouts!
You hit the orc. The orc closely misses you.
You closely miss the orc. The orc closely misses you.
You hit the orc. The orc barely misses you.
You hit the orc but do no damage. You hit the orc.
You kill the orc!
Vehumet accepts your kill. The orc closely misses you.
You whack the orc!
You kill the orc!
Vehumet accepts your kill.
You have reached level 7! 😎 HP[+4] MP[+1]
You now have 40 max hp (+4).
Your hp is fully restored (40).
Your mp is fully restored (16).
You hit the quokka.
You kill the quokka!
Vehumet accepts your kill.
No target in view!
No target in view!
No target in view!
No target in view!
R - a +0 leather armour You see here a +0 club {mace}.
S - a +0 robe
Things that are here:
a +0 dagger {short}; an orc corpse You see here a +0 short sword {short}.
You now have 309 gold pieces (gained 6).
You now have 315 gold pieces (gained 6).
You open the door.
There is an open door here.
There is an open door here.
There is an open door here.
There is an open door here.
Found a stone staircase leading down.
Edmund the Younger comes into view.
He is wielding a +1 dire flail of venom.
Throw: 3 darts (datura) {throwing}
Press: ? - help, Q - select action, (/) - cycle Shift-Dir - straight line, f - Edmund
Aim: Edmund, wielding a +1 dire flail of venom and wearing a +0 ring mail (asleep, 98% to hit, chance to frenzy on hit: 61%)
You throw a datura-tipped dart {throwing}.
The datura-tipped dart {throwing} hits Edmund.
Edmund flies into a frenzy!
Edmund shouts!
There is an open door here.
Edmund shouts! x2
There's a creature in the doorway!
Why would you want to do that? Edmund attacks as you move away!
Edmund hits you with a +1 dire flail of venom!
You are poisoned.
You feel very sick. 😮 HP[-11] MP[-4]
You take 11 damage, and now have 29/40 hp.
MASSIVE DAMAGE!! (PAUSE)
You lost 4 mp, and now have 12/16 mp.
Casting: Frozen Ramparts (dangerous; 2% risk of failure)
Confirm with . or Enter, or press ? or * to list all spells.
Casting: Frozen Ramparts (dangerous; 2% risk of failure)
Press: ? - help, Dir - look around, f - activate The walls around you are covered in ice.
You feel sick.
The wall freezes Edmund.
Edmund hits you with a +1 dire flail of venom.
You are more poisoned.
The wall freezes Edmund.
Edmund hits you with a +1 dire flail of venom.
* * * LOW HITPOINT WARNING * * *
You are more poisoned. 😨 HP[-9] MP[-6]
You take 9 damage, and now have 20/40 hp.
MASSIVE DAMAGE!! (PAUSE)
You lost 6 mp, and now have 6/16 mp.
You feel better.
The wall freezes Edmund.
Edmund misses you. 😮 HP[+6]
You regained 6 hp, and now have 26/40 hp.
Casting: Frozen Ramparts (dangerous; 2% risk of failure)
Confirm with . or Enter, or press ? or * to list all spells.
Flames lash Edmund.
Edmund's fire resistance burns away.
The wall freezes Edmund.
Edmund barely misses you.
The wall freezes Edmund.
Edmund hits you with a +1 dire flail of venom!
* * * LOW HITPOINT WARNING * * *
You are poisoned. 😨 HP[-8] MP[-4]
You take 8 damage, and now have 18/40 hp.
You lost 4 mp, and now have 2/16 mp.
Casting: Scorch (safe; 16% risk of failure)
Confirm with . or Enter, or press ? or * to list all spells.
Flames lash Edmund.
Edmund is burned terribly!
* * * LOW HITPOINT WARNING * * *
You feel very sick.
The wall freezes Edmund.
Edmund hits you with a +1 dire flail of venom!!
Ouch! That really hurt!
You die...

Skill      XL: |  1  2  3  4  5  6 |
---------------+-------------------+-----
Dodging        | 3 4 |  4.6
Fighting       | 1 2 |  2.3
Spellcasting   | 4 5 |  5.2
Ice Magic      | 5 |  5.8
Ranged Weapons | 1 2 3 |  3.0
Air Magic      | 1 |  1.2
Stealth        | |  2.4

Action                   |  1- 3 |  4- 6 |  7- 9 || total
-------------------------+-------+-------+-------++-------
Melee: Dagger            |     5 |       |       ||     5
       Short sword       |    62 |    35 |       ||    97
       Spear             |       |    36 |       ||    36
       Whip              |       |    12 |     1 ||    13
Throw: Javelin           |       |     2 |       ||     2
       Stone             |       |     2 |       ||     2
       Dart              |       |       |     1 ||     1
 Cast: Freeze            |    10 |       |       ||    10
       Frozen Ramparts   |     6 |    10 |     1 ||    17
       Ozocubu's Armour  |     1 |     2 |       ||     3
       Scorch            |       |     8 |     2 ||    10
Evoke: Wand              |       |     5 |       ||     5
  Use: Scroll            |     3 |     2 |       ||     5
       Potion            |       |     1 |     1 ||     2
 Stab: Sleeping          |     8 |     3 |       ||    11
Armor: Robe              |    19 |    17 |       ||    36
Dodge: Dodged            |    42 |    53 |     2 ||    97

Levels and vault maps discovered:
D:1:      sevenhm_arrival_forest_fort_small_4, layout_loops_ring,
          hellmonk_ecumenical_altar_arch_garden, serial_shops,
          nicolae_shop_waterfront, nicolae_shop_statue_plus,
          nicolae_square_shop, nicolae_shop_advertising_works
          [nicolae_subvault_shop_adworks], shop_coins
D:2:      cheibrodos_greedy_goblins, layout_loops_corners, minivault_19
D:3:      layout_loops_ring, nicolae_ru_awakened_eye, ebering_ghost_gozag,
          minmay_vboxes
D:4:      layout_rooms, mainiacjoe_overflow_alcove_2, vehumet_altar_wand_db,
          led_sif_book, mainiacjoe_overflow_six_doors_small, uniq_menkaure,
          uniq_edmund

Notes
Turn   | Place    | Note
-------+----------+-------------------------------------------
     0 | D:1      | mcwallace the Deep Elf Ice Elementalist began the quest for
                  | the Orb.
     0 | D:1      | Reached XP level 1. HP: 10/10 MP: 6/6
     0 | D:1      | magus.rc [v1.9.6]
    13 | D:1      | Found Suq Uch's General Store.
   179 | D:1      | Found Riclir's Weapon Shop.
   216 | D:1      | Found a faded altar of an unknown god.
   352 | D:1      | Found Tuulag's Book Shop.
   402 | D:1      | Reached XP level 2. HP: 16/16 MP: 8/8
   642 | D:1      | Found Loexocuc's Assorted Antiques.
   778 | D:1      | Found Emiofuk's Jewellery Emporium.
   830 | D:1      | You pick up a book of Scorching and begin reading...
   830 | D:1      | You add the spells Scorch, Flame Wave and Summon Cactus
                  | Giant to your library.
   913 | D:1      | Bought a scroll of identify for 28 gold pieces
   983 | D:2      | Reached skill level 3 in Dodging
  1111 | D:2      | Reached XP level 3. HP: 19/20 MP: 10/10
  1190 | D:2      | Learned a level 3 spell: Frozen Ramparts
  1194 | D:2      | Learned a level 3 spell: Ozocubu's Armour
  1323 | D:2      | Reached skill level 1 in Fighting
  1866 | D:2      | Reached XP level 4. HP: 25/25 MP: 7/11
  2120 | D:2      | Reached skill level 4 in Spellcasting
  2769 | D:3      | You pick up a book of the Moon and begin reading...
  2769 | D:3      | You add the spells Passage of Golubria, Silence and
                  | Lehudib's Crystal Spear to your library.
  2806 | D:3      | Reached skill level 5 in Ice Magic
  2934 | D:3      | Found a sacrificial altar of Ru.
  3246 | D:3      | Reached skill level 1 in Ranged Weapons
  3418 | D:3      | Found a runed translucent gate.
  3419 | D:3      | Found a runed translucent gate.
  3419 | D:3      | Found a runed translucent gate.
  3420 | D:3      | Found an opulent altar of Gozag.
  3422 | D:3      | Noticed logorrheac's ghost (amateur GnWn)
  3422 | D:3      | Noticed an ice beast
  3723 | D:4      | Noticed a black bear
  3724 | D:4      | Noticed Menkaure
  3757 | D:4      | Reached XP level 5. HP: 26/29 MP: 5/13
  3849 | D:3      | Learned a level 2 spell: Scorch
  3960 | D:4      | Found a radiant altar of Vehumet.
  3976 | D:4      | Reached skill level 4 in Dodging
  3981 | D:4      | HP: 6/30 [kobold/puff of flame (9)]
  3991 | D:4      | Became a worshipper of Vehumet
  4239 | D:4      | Killed Menkaure
  4240 | D:4      | Reached skill level 2 in Fighting
  4240 | D:4      | Reached skill level 2 in Ranged Weapons
  4240 | D:4      | Reached XP level 6. HP: 35/35 MP: 11/15
  4315 | D:4      | Found a shimmering blue altar of Sif Muna.
  4340 | D:4      | Reached skill level 5 in Spellcasting
  4340 | D:4      | Reached skill level 1 in Air Magic
  4747 | D:4      | Found a sparkling altar of Nemelex Xobeh.
  4838 | D:4      | Found a hide-covered altar of Uskayaw.
  4887 | D:4      | Reached skill level 3 in Ranged Weapons
  4920 | D:4      | Reached XP level 7. HP: 40/40 MP: 16/16
  4982 | D:4      | Noticed Edmund
  4996 | D:4      | Mangled by Edmund

Vanquished Creatures
  Menkaure (D:4)
  A black bear (D:4)
  A hound (D:4)
  3 orc wizards
  4 gnolls (D:4)
  5 adders
  A white imp (D:4)
  3 worms
  7 orcs
  2 bats
  8 endoplasms
  3 giant cockroaches
  8 goblins
  5 hobgoblins
  6 kobolds
  5 quokkas
  7 ball pythons
  3 frilled lizards (D:1)
  2 rats
75 creatures vanquished.

Vanquished Creatures (collateral kills)
  A ball python (D:4)
  A kobold (D:4)
2 creatures vanquished.

Vanquished Creatures (others)
  An orc wizard (D:4)
1 creature vanquished.

Grand Total: 78 creatures vanquished

Table legend:
 A = Non-vault XP
 B = Vault XP
 C = Vault XP percentage of total XP
 D = Non-vault monster count
 E = Vault monster count
 F = Vault count percentage of total count
                 A         B        C        D         E       F
            +---------+---------+-------+---------+---------+-------
      Total |     464 |     273 |  37.0 |      61 |      17 |  21.8
            +---------+---------+-------+---------+---------+-------
        D:1 |      24 |       0 |   0.0 |      15 |       0 |   0.0
        D:2 |      76 |      18 |  19.1 |      20 |       9 |  31.0
        D:3 |      67 |       9 |  11.8 |       9 |       4 |  30.8
        D:4 |     297 |     246 |  45.3 |      17 |       4 |  19.0
            +---------+---------+-------+---------+---------+-------

Illustrated notes

Table legend:
 A = Kills in this place as a percentage of kills in entire the game.
 B = Kills by you in this place as a percentage of kills by you in the entire game.
 C = Kills by friends in this place as a percentage of kills by friends in the entire game.
 D = Other kills in this place as a percentage of other kills in the entire game.
 E = Experience gained in this place as a percentage of experience gained in the entire game.
 F = Experience gained in this place divided by the number of levels of this place that you have seen.
                   A       B       C       D       E      F
               +-------+-------+-------+-------+-------+----------------------
         Total | 100.0 | 100.0 | 100.0 | 100.0 | 100.0 | 184.2
       Dungeon | 100.0 | 100.0 | 100.0 | 100.0 | 100.0 | 184.2
               +-------+-------+-------+-------+-------+----------------------

Table legend: (Time is in decaauts)
 A = Elapsed time spent in this place.
 B = Non-inter-level travel time spent in this place.
 C = Inter-level travel time spent in this place.
 D = Time resting spent in this place.
 E = Time spent auto-exploring this place.
 F = Levels seen in this place.
 G = Mean time per level.
                   A        B        C        D        E       F      G
               +--------+--------+--------+--------+--------+-----+--------+
         Total |   5024 |   4682 |    342 |    457 |   3495 |   4 | 1256.0 |
       Dungeon |   5024 |   4682 |    342 |    457 |   3495 |   4 | 1256.0 |
               +--------+--------+--------+--------+--------+-----+--------+

Top non-repeatable levels by time:
     D:2: 1745 daAuts
     D:3: 1387 daAuts
     D:1: 974 daAuts
     D:4: 916 daAuts
